 Dungeon Crawl Stone Soup version 0.19.1 (webtiles) character file.

522 LORDOFBUTT the Sneak (level 7, -4/32 HPs)
             Began as a Spriggan Enchanter on Dec 27, 2016.
             Killed from afar by an orc wizard (8 damage)
             ... with a magic dart
             ... on level 5 of the Dungeon.
             The game lasted 00:10:22 (4035 turns).

LORDOFBUTT the Sneak (Spriggan Enchanter)           Turns: 4035, Time: 00:10:22

Health: -4/32      AC:  3    Str:  4    XL:     7   Next: 2%
Magic:  11/13      EV: 22    Int: 17    God:
Gold:   158        SH:  0    Dex: 18    Spells: 4 memorised, 3 levels left

rFire  . . .     SeeInvis +     l - +1 short sword (speed)
rCold  . . .     Gourm    .     b - +1 robe
rNeg   . . .     Faith    .     (shield restricted)
rPois  +         Spirit   .     (helmet restricted)
rElec  .         Reflect  .     (no cloak)
rCorr  .         Harm     .     (gloves unavailable)
MR     +....                    (boots unavailable)
Stlth  ++++......               (no amulet)
                                o - +1 ring of slaying
                                s - ring of poison resistance

@: very quick
A: unfitting armour, see invisible, herbivore 3, speed 3, slow metabolism 2
a: no special abilities


You were on level 5 of the Dungeon.
You were not hungry.

You visited 1 branch of the dungeon, and saw 5 of its levels.

You collected 158 gold pieces.

Inventory:

Hand Weapons
 l - a +1 short sword of speed (weapon)
Armour
 b - a +1 robe (worn)
Jewellery
 e - an uncursed ring of wizardry
 k - an uncursed amulet of rage
 o - a +1 ring of slaying (right hand)
 s - a ring of poison resistance (left hand)
Wands
 q - a wand of lightning (12/15)
Scrolls
 g - a scroll of recharging {unknown}
 j - 6 scrolls of identify {unknown}
 m - 3 scrolls of remove curse {unknown}
 p - 2 scrolls of amnesia {unknown}
 r - 2 scrolls of immolation {unknown}
Potions
 a - a potion of degeneration {unknown}
 f - a potion of mutation {unknown}
 h - 2 potions of haste {unknown}
 i - 3 potions of curing {unknown}
 n - 2 potions of lignification {unknown}
 t - a potion of might {unknown}
 u - a potion of flight {unknown}
 v - 2 potions of magic {unknown}
Books
 c - a book of Maledictions

   Spells                             Type                      Level
   a - Corona                         Hexes                        1
   b - Ensorcelled Hibernation        Hexes/Ice                    2
   c - Confuse                        Hexes                        3
   d - Tukima's Dance                 Hexes                        3
   e - Dazzling Spray                 Conjuration/Hexes            3
Comestibles
 d - 5 bread rations


   Skills:
 + Level 3.1 Short Blades
 * Level 6.5 Dodging
 * Level 7.6 Stealth
 + Level 3.4 Spellcasting
 + Level 4.3 Hexes
 + Level 1.7 Ice Magic


You had 3 spell levels left.
You knew the following spells:

 Your Spells              Type           Power        Failure   Level  Hunger
a - Corona                Hex            ###....      2%          1    None
b - Ensorcelled Hibernat  Hex/Ice        ##....       10%         2    ##.....
c - Confuse               Hex            ###.....     10%         3    ###....
d - Tukima's Dance        Hex            ###.....     10%         3    ###....


Dungeon Overview and Level Annotations

Branches:
Dungeon (5/15)             Temple (0/1) D:5

Altars:
Fedhas

Shops:
D:4 %

Annotations:
D:3 LORDOFBUTT's ghost, amateur FoFi
D:5 Edmund; Eustachio


Innate Abilities, Weirdness & Mutations

You are very small and have problems with some larger weapons.
You are too small for most types of armour.
You have supernaturally acute eyesight. (SInv)
You are a herbivore.
You cover ground extremely quickly.
You need consume almost no food.


Message History

An orc priest and 2 orc wizards come into view.
The orc wizard shouts!
The orc priest shouts!
You hear a shout!
The orc wizard shouts!
You hear a shout! x2
The orc wizard casts a spell at you. The magic dart hits you!
* * * LOW HITPOINT WARNING * * *
Found a bread ration.
An orc comes into view. It is wielding a whip.
Casting: Confuse
Confirm with . or Enter, or press ? or * to list all spells.
You don't know that spell.
Casting: Confuse
Confirm with . or Enter, or press ? or * to list all spells.
Aiming: Ensorcelled Hibernation
Press: ? - help, Shift-Dir - straight line, f - orc wizard
Aim: an orc wizard, wielding a dagger and wearing a robe (chance to defeat MR: 44%)
The orc wizard resists with some effort.
The orc wizard gestures at you while chanting.
The magic dart hits you!
You die...

#.# #.# #### ##.###### ...#
.## #.......# ## #..# [..
#.......# ... #..##..#
#.......# ...o #..##.#
#.......# ...o# ##.##.#
#.......# .....+
##@..#.####.......#
...o.o###..#....#.........#
....%..#...................
.......o.#.................
.......###..≈≈≈............
.......#....≈≈≈.≈.##.###...
.......#.###≈._≈≈.# .# ...
########.....≈.≈...#.# .. #
###≈≈..≈.....


You could see an orc wizard.

Vanquished Creatures
  Grinder (D:4)
  A scorpion (D:4)
  2 centaur skeletons
  A hound (D:5)
  Terence (D:2)
  Natasha (twice) (D:2)
  5 adders
  2 oozes
  An adder skeleton (D:4)
  2 worms (D:4)
  A dart slug (D:4)
  2 leopard geckos (D:3)
  4 orcs
  8 giant cockroaches
  6 hobgoblins
  6 jackals (D:3)
  2 quokkas
  A ball python (D:4)
  5 bats
  7 frilled lizards
  2 goblins
  3 kobolds
  A leopard gecko skeleton (D:4)
  A quokka skeleton (D:4)
  10 rats
77 creatures vanquished.

Notes
Turn   | Place    | Note
-------+----------+-------------------------------------------
     0 | D:1      | LORDOFBUTT the Spriggan Enchanter began the quest for the Orb.
     0 | D:1      | Reached XP level 1. HP: 9/9 MP: 5/5
   734 | D:1      | Reached XP level 2. HP: 9/13 MP: 6/6
   738 | D:1      | Learned a level 2 spell: Ensorcelled Hibernation
   746 | D:1      | Reached skill level 5 in Stealth
  1258 | D:2      | Noticed Terence
  1280 | D:2      | Killed Terence
  1280 | D:2      | Reached XP level 3. HP: 16/16 MP: 1/8
  1515 | D:2      | Reached skill level 6 in Stealth
  1553 | D:2      | Noticed Natasha
  1560 | D:2      | Killed Natasha
  1560 | D:2      | Reached XP level 4. HP: 17/21 MP: 0/9
  1868 | D:2      | Noticed Natasha
  1873 | D:2      | Killed Natasha
  1940 | D:3      | Noticed LORDOFBUTT's ghost (amateur FoFi)
  1960 | D:3      | Learned a level 3 spell: Confuse
  2375 | D:3      | Reached skill level 5 in Dodging
  2419 | D:3      | Reached XP level 5. HP: 23/24 MP: 10/10
  2599 | D:3      | Learned a level 3 spell: Tukima's Dance
  3384 | D:4      | Found Noesu's Food Boutique.
  3445 | D:4      | Reached skill level 7 in Stealth
  3445 | D:4      | Reached skill level 1 in Ice Magic
  3486 | D:4      | Noticed Grinder
  3505 | D:4      | Killed Grinder
  3505 | D:4      | Reached XP level 6. HP: 28/28 MP: 4/11
  3916 | D:5      | Entered Level 5 of the Dungeon
  3918 | D:5      | Noticed Eustachio
  3931 | D:5      | Found a staircase to the Ecumenical Temple.
  3980 | D:5      | Reached XP level 7. HP: 18/32 MP: 13/13
  4014 | D:5      | Found a blossoming altar of Fedhas.
  4020 | D:5      | Noticed Edmund
  4035 | D:5      | Killed from afar by an orc wizard

Skill      XL: |  1  2  3  4  5 |
---------------+----------------+-----
Stealth        | 5 6 7 |  7.6
Dodging        | 4 5 6 |  6.5
Short Blades   | 2 3 |  3.1
Ice Magic      | 1 |  1.7
Spellcasting   | 3 |  3.4
Hexes          | 4 |  4.3

Action                   |  1- 3 |  4- 6 |  7- 9 || total
-------------------------+-------+-------+-------++-------
Melee: Dagger            |    68 |       |       ||    68
       Short sword       |    18 |   200 |     8 ||   226
 Cast: Ensorcelled Hiber |     7 |     5 |     1 ||    13
       Confuse           |       |    13 |       ||    13
 Stab: Sleeping          |    11 |    21 |       ||    32
       Confused          |       |     7 |       ||     7
       Distracted        |       |     1 |       ||     1
  Eat: Bread ration      |       |     1 |       ||     1
Armor: Robe              |    19 |    12 |       ||    31
Dodge: Dodged            |    82 |    95 |     3 ||   180
